[Event "Team 45 45 League T49"]
[Site "Internet Chess Club"]
[Date "2011.05.12"]
[Round "1"]
[White "AlPearson"]
[Black "Aquaman"]
[Result "1-0"]
[WhiteElo "1404"]
[BlackElo "1301"]
[Opening "English: symmetrical, Botvinnik system"]
[ECO "A36"]
[Time "14:04:45"]
[TimeControl "2700+45"]

1. c4 g6 2. g3 Bg7 3. Bg2 c5 4. Nc3 Nc6 5. e4 d6 6. Nge2 e6 7. O-O Nf6 8. d3 O-O
9. f4 Qc7 10. h3 h5 11. Be3 Bd7 12. Rc1 a6 13. Qd2 Kh7 14. a3 Na5 15. Qc2 Rad8
16. Na2 Nc6 17. b4 cxb4 18. Nxb4 Qb8 19. Rb1 Qc8 20. Rfc1 Qa8 21. Nxc6 Bxc6 22.
Nd4 Rc8 23. Nxc6 bxc6 24. Rb3 Nd7 25. Rcb1 Rb8 26. d4 Rxb3 27. Rxb3 Rb8 28. e5
d5 29. c5 Rxb3 30. Qxb3 Qb8 31. Qxb8 Nxb8 32. Bd2 Nd7 33. Bf1 f6 34. Bxa6 fxe5
35. fxe5 Nb8 36. Bb7 Bh6 37. Bxh6 Kxh6 38. Kf2 Kg7 39. a4 Kf7 40. a5 Ke7 41. a6
Kd7 42. a7 Kc7 43. a8=Q {Black resigns} 1-0

[Event "Team 45 45 League T49"]
[Site "Internet Chess Club"]
[Date "2011.05.13"]
[Round "1"]
[White "BrerRabbit"]
[Black "Xanther"]
[Result "1-0"]
[WhiteElo "1556"]
[BlackElo "1410"]
[Opening "English, 1...Nf6 (Anglo-Indian defense)"]
[ECO "A15"]
[Time "19:07:51"]
[TimeControl "2700+45"]

1. c4 Nf6 2. g3 d5 3. cxd5 Nxd5 4. Bg2 e5 5. Qa4+ c6 6. Nc3 Nxc3 7. bxc3 Bd6 8.
Nf3 O-O 9. O-O Bf5 10. d3 Qc8 11. Rb1 b5 12. Qc2 Bh3 13. Bd2 Bxg2 14. Kxg2 f5
15. c4 f4 16. Rfc1 bxc4 17. Qxc4+ Kh8 18. Rb3 c5 19. Qd5 Qc7 20. Qxa8 Na6 21.
Qb7 Qxb7 22. Rxb7 {Black resigns} 1-0

[Event "Team 45 45 League T49"]
[Site "Internet Chess Club"]
[Date "2011.05.14"]
[Round "1"]
[White "Kristian1974"]
[Black "chesskix"]
[Result "1-0"]
[WhiteElo "1540"]
[BlackElo "1418"]
[Opening "QGD Slav: 3.Nf3"]
[ECO "D11"]
[Time "14:00:37"]
[TimeControl "2700+45"]

1. d4 d5 2. c4 c6 3. Nf3 Nd7 4. Bf4 Ngf6 5. Nc3 e6 6. e3 Be7 7. Qc2 Nh5 8. Bg3
Bf6 9. e4 g6 10. e5 Nxg3 11. hxg3 Bg7 12. O-O-O a6 13. c5 b6 14. Na4 b5 15. Nc3
Bb7 16. Bd3 f5 17. Ne2 Nf8 18. Nf4 Qe7 19. Nd2 a5 20. Be2 a4 21. g4 Qg5 22. Nh3
Qe7 23. gxf5 exf5 24. f4 Ne6 25. Nf3 b4 26. Qd2 b3 27. a3 h6 28. Rdg1 Qc7 29.
Nh4 Kf7 30. g4 Ba6 31. gxf5 gxf5 32. Bh5+ Kg8 33. Nxf5 Kf8 34. Rg6 Bc8 35. Nd6
Bd7 36. f5 Nxc5 37. dxc5 Bxe5 38. Rxh6 Rg8 39. Nf4 Bxf5 40. Ne6+ Bxe6 41. Rxe6
Qg7 42. Qf2+ {Black resigns} 1-0

[Event "Team 45 45 League T49"]
[Site "Internet Chess Club"]
[Date "2011.05.15"]
[Round "1"]
[White "heyLowHack"]
[Black "oldprez"]
[Result "1-0"]
[WhiteElo "1467"]
[BlackElo "1328"]
[Opening "Pirc: Austrian attack, 6.Bd3"]
[ECO "B09"]
[Time "10:00:22"]
[TimeControl "2700+45"]

1. e4 d6 2. d4 Nf6 3. Nc3 g6 4. f4 Bg7 5. Nf3 O-O 6. Bd3 Nbd7 7. O-O c5 8. d5 a6
9. a4 Qc7 10. Re1 c4 11. Bf1 Nc5 12. e5 dxe5 13. fxe5 Nfd7 14. Qd4 b6 15. Bxc4
Bb7 16. b4 b5 17. axb5 axb5 18. Nxb5 Qb6 19. bxc5 Nxc5 20. Be3 Rxa1 21. Rxa1 Rc8
22. d6 Qd8 23. dxe7 Qxe7 24. Nd6 Rc6 25. Bxf7+ Kh8 26. Nxb7 Qxf7 27. Ra8+ Bf8
28. e6+ {Black resigns} 1-0

[Event "Team 45 45 League T49"]
[Site "Internet Chess Club"]
[Date "2011.05.15"]
[Round "1"]
[White "doublepar"]
[Black "Cicero"]
[Result "1-0"]
[WhiteElo "1396"]
[BlackElo "1339"]
[Opening "Sicilian: accelerated fianchetto, modern variation with Bc4"]
[ECO "B35"]
[Time "21:00:17"]
[TimeControl "2700+45"]

1. e4 c5 2. Nf3 g6 3. d4 cxd4 4. Nxd4 Nc6 5. Nc3 Bg7 6. Be3 Nf6 7. Bc4 O-O 8.
O-O a6 9. a3 b5 10. Ba2 Ne5 11. Qd2 Nc4 12. Bxc4 bxc4 13. Rfe1 Qc7 14. Bg5 Ng4
15. f4 e5 16. Nd5 Qc5 17. Be7 Qxd4+ 18. Qxd4 exd4 19. Bxf8 Bxf8 20. e5 Kg7 21.
Rad1 Rb8 22. Rb1 Bb7 23. Nb6 Ne3 24. Nxd7 Rd8 25. Nxf8 Kxf8 26. Re2 Nd5 27. g3
Bc8 28. Kf2 c3 29. b4 Ne3 30. h4 h5 31. b5 Bg4 32. Rxe3 dxe3+ 33. Kxe3 Rd2 34.
b6 Bc8 35. b7 Bxb7 36. Rxb7 Rxc2 37. Rc7 Ke8 38. Kd4 a5 39. Rxc3 Rxc3 40. Kxc3
Kd7 41. Kd4 Ke6 42. Ke4 a4 43. f5+ gxf5+ 44. Kf4 f6 45. exf6 Kxf6 46. Kf3 Ke5
47. Ke3 Kf6 48. Kf4 Ke6 49. Kg5 Kf7 50. Kxf5 Kg7 51. Kg5 Kh7 52. Kxh5 Kg7 53.
Kg5 Kh7 54. Kf6 Kh6 55. g4 Kh7 56. Kf7 {Black resigns} 1-0

[Event "Team 45 45 League T49"]
[Site "Internet Chess Club"]
[Date "2011.05.15"]
[Round "1"]
[White "Invicta-Knight"]
[Black "Oscar"]
[Result "0-1"]
[WhiteElo "1532"]
[BlackElo "1555"]
[Opening "French: advance variation"]
[ECO "C02"]
[Time "17:33:51"]
[TimeControl "2700+45"]

1. e4 e6 2. d4 d5 3. e5 Nd7 4. Bd3 c5 5. c3 Ne7 6. Qe2 Ng6 7. a3 c4 8. Bc2 Be7
9. b3 b5 10. f4 Nb6 11. Nf3 Bd7 12. O-O O-O 13. g4 cxb3 14. Bxb3 Nc4 15. Bc2 Rc8
16. f5 exf5 17. gxf5 Nh4 18. f6 Nxf3+ 19. Qxf3 gxf6 20. Bh6 Kh8 21. Bg7+ Kxg7
22. exf6+ Bxf6 23. Qh5 Rh8 24. Kh1 Qe7 25. Rg1+ Kf8 26. Nd2 Nxd2 27. Qh6+ Ke8
28. Qxd2 Kd8 29. Rae1 Qd6 30. Qh6 Rxc3 31. Qd2 Rh3 32. Rg2 Re8 33. Qa5+ Qc7 34.
Rxe8+ Bxe8 35. Qa6 Qb6 36. Qxb6+ axb6 37. Rg3 Rxg3 38. hxg3 h6 39. Kg2 Bxd4 40.
Kf3 Bc5 {White resigns} 0-1

[Event "Team 45 45 League T49"]
[Site "Internet Chess Club"]
[Date "2011.05.15"]
[Round "1"]
[White "shamos1"]
[Black "matthewc"]
[Result "0-1"]
[WhiteElo "1302"]
[BlackElo "1353"]
[Opening "English: Bremen system, Keres variation"]
[ECO "A23"]
[Time "15:27:25"]
[TimeControl "2700+45"]

1. c4 e5 2. Nc3 Nf6 3. g3 c6 4. Bg2 Na6 5. e4 Nc7 6. Nf3 d6 7. O-O Be6 8. d3 Qd7
9. Re1 O-O-O 10. Ng5 h6 11. Nxe6 Nxe6 12. b4 Nd4 13. Be3 d5 14. b5 dxe4 15. bxc6
Nxc6 16. dxe4 Qxd1 17. Rexd1 Nd4 18. Bxd4 exd4 19. Nd5 Nxd5 20. exd5 Bc5 21.
Rab1 Kc7 22. Rb5 b6 23. Rb3 Rhe8 24. Rf3 f6 25. Bh3 Re7 26. Be6 Rde8 27. a4 a5
28. Rf5 Rxe6 29. dxe6 Rxe6 30. Kf1 Re4 31. Rd3 Re5 32. Rxe5 fxe5 33. f3 Kc6 34.
Kg2 Bd6 35. Kh3 Kc5 36. Kg4 Kxc4 37. Rd1 g6 38. h4 d3 39. h5 gxh5+ 40. Kxh5 Bf8
41. Kg6 Kc3 42. Kf5 Kc2 43. Ra1 d2 44. Kxe5 d1=Q 45. Rxd1 Kxd1 46. f4 Ke2 47. g4
Kf3 48. Kf5 Be7 49. g5 Bxg5 50. fxg5 hxg5 51. Kxg5 Ke4 52. Kf6 Kd4 53. Ke6 Kc5
54. Ke5 Kb4 55. Kd5 Kxa4 56. Kc6 b5 {White resigns} 0-1

[Event "Team 45 45 League T49"]
[Site "Internet Chess Club"]
[Date "2011.05.14"]
[Round "1"]
[White "PsyMar"]
[Black "arconia"]
[Result "1-0"]
[WhiteElo "1360"]
[BlackElo "1276"]
[Opening "Sicilian defense"]
[ECO "B44"]
[Time "14:00:48"]
[TimeControl "2700+45"]

1. e4 c5 2. Nf3 Nc6 3. d4 cxd4 4. Nxd4 e6 5. c4 Nf6 6. Nc3 Bc5 7. Be3 Qa5 8. Nb3
Qc7 9. Bxc5 a6 10. Bd6 Qd8 11. e5 Ng8 12. Be2 Qg5 13. O-O Nh6 14. Nd4 Nxe5 15.
f4 Qg6 16. fxe5 Nf5 17. Nxf5 exf5 18. Nd5 Ra7 19. Ne7 Qg5 20. Nxc8 Ra8 21. Nb6
Qe3+ 22. Kh1 Qxb6 23. c5 Qd8 24. Rxf5 f6 25. exf6 Kf7 26. fxg7+ Kxg7 27. Be5+
Kg6 28. Bxh8 Kxf5 29. g4+ Kg5 30. Qd5+ Kf4 31. Qe5# {Black checkmated} 1-0

[Event "Team 45 45 League T49"]
[Site "Internet Chess Club"]
[Date "2011.05.15"]
[Round "1"]
[White "eyalki"]
[Black "JimGaming"]
[Result "1-0"]
[WhiteElo "1428"]
[BlackElo "1240"]
[Opening "Sicilian: Hungarian variation"]
[ECO "B27"]
[Time "14:30:25"]
[TimeControl "2700+45"]

1. e4 c5 2. Nf3 g6 3. Bb5 a6 4. Ba4 Bg7 5. Bb3 e6 6. c4 Ne7 7. O-O O-O 8. d4 d6
9. d5 Bd7 10. Nc3 b5 11. cxb5 axb5 12. dxe6 Bxe6 13. Bxe6 fxe6 14. Nxb5 Nc8 15.
Nc3 Kh8 16. Ng5 Qf6 17. Qf3 Qxg5 18. Bxg5 Rxf3 19. gxf3 Nc6 20. Rfd1 Nd4 21. f4
Rb8 22. Kg2 Rxb2 23. Rab1 Rxb1 24. Rxb1 h6 25. Rb8 hxg5 26. Rxc8+ Kh7 27. fxg5
Be5 28. Rc7+ Kg8 29. a4 Nb3 30. Nb5 Nd2 31. Re7 Nxe4 32. Rxe6 Kf7 33. Rxe5 dxe5
34. a5 c4 35. a6 Nc5 36. a7 Nd7 37. a8=Q {Black resigns} 1-0

[Event "Team 45 45 League T49"]
[Site "Internet Chess Club"]
[Date "2011.05.16"]
[Round "1"]
[White "Just-Jim"]
[Black "Cicero"]
[Result "1-0"]
[WhiteElo "1376"]
[BlackElo "1324"]
[Opening "English: symmetrical variation"]
[ECO "A30"]
[Time "17:00:15"]
[TimeControl "2700+45"]

1. c4 c5 2. e4 g6 3. Ne2 Bg7 4. Nbc3 Nc6 5. d3 Nf6 6. Ng3 O-O 7. Be2 Nd4 8. Bf4
Nxe2 9. Qxe2 d6 10. h3 Bd7 11. e5 dxe5 12. Bxe5 Re8 13. O-O a6 14. f4 e6 15. Qf2
Rc8 16. Nce4 Nxe4 17. Nxe4 f6 18. Bd6 f5 19. Nxc5 Bc6 20. Be5 Bf8 21. d4 Bxg2
22. Kxg2 Re7 23. b3 Bg7 24. Bxg7 Kxg7 25. Qe2 Qe8 26. Rfe1 Kf7 27. Qf3 b6 28.
Nb7 Rc6 29. d5 exd5 30. Rxe7+ Qxe7 31. Qxd5+ Re6 32. Nd8+ Kf6 33. Qxe6+ Qxe6 34.
Nxe6 Kxe6 {Black resigns} 1-0

[Event "Team 45 45 League T49"]
[Site "Internet Chess Club"]
[Date "2011.05.14"]
[Round "1"]
[White "IanT"]
[Black "dabodhi"]
[Result "1-0"]
[WhiteElo "1369"]
[BlackElo "1201"]
[Opening "Scandinavian defense"]
[ECO "B01"]
[Time "21:36:36"]
[TimeControl "2700+45"]

1. e4 d5 2. exd5 Nf6 3. Nc3 Nxd5 4. Nxd5 Qxd5 5. d4 Nc6 6. Nf3 Bf5 7. Be3 Nb4 8.
c4 Qa5 9. Bd2 Bc2 10. Bxb4 Qxb4+ 11. Qd2 Qxd2+ 12. Kxd2 Bf5 13. Bd3 Bxd3 14.
Kxd3 Rd8 15. Rac1 f6 16. Rc3 e5 17. Re1 Bb4 18. Rb3 Bxe1 19. Nxe1 Rxd4+ 20. Ke3
b6 21. c5 Ke7 22. cxb6 axb6 23. Rc3 c5 24. Nc2 Rd1 25. Rb3 Rhd8 26. Rxb6 R8d3+
27. Ke4 R3d2 28. Ne3 Rxf2 29. Nxd1 Rxg2 30. Rb7+ Kd6 31. h4 Rg4+ 32. Kd3 Rd4+
33. Kc2 Rg4 34. Ne3 Rg1 35. Nf5+ Kd5 36. Nxg7 Kc4 37. Nh5 Rg2+ 38. Kd1 Kd3 39.
Rd7+ Ke3 40. Kc1 c4 41. Nxf6 Rg1+ 42. Kc2 Rg2+ 43. Kc3 Rg1 44. Kxc4 Rc1+ 45. Kb3
Rc6 46. Ng4+ Ke4 47. Re7 Rb6+ 48. Kc3 Rc6+ 49. Kd2 Rd6+ 50. Kc2 Rc6+ 51. Kb1 Rd6
52. Rxe5+ Kf4 53. Rg5 h6 54. Rc5 Kxg4 55. Rc4+ Kh5 56. a4 Ra6 57. b3 Kg6 58. Ka2
Kf7 59. Ka3 Ke7 60. b4 Kd7 61. b5 Ra8 62. Kb4 Rc8 63. Rxc8 Kxc8 64. Kc5 Kc7 65.
a5 Kb7 66. a6+ Kb8 67. Kd6 h5 68. Ke5 Ka7 69. Kf5 Kb6 70. Kg5 Ka7 71. Kxh5 Kb6
72. Kg5 Ka7 73. h5 {Black resigns} 1-0

[Event "Team 45 45 League T49"]
[Site "Internet Chess Club"]
[Date "2011.05.16"]
[Round "1"]
[White "chiyeunglau"]
[Black "chips"]
[Result "0-1"]
[WhiteElo "1092"]
[BlackElo "1225"]
[Opening "Scandinavian (center counter) defense"]
[ECO "B01"]
[Time "14:20:22"]
[TimeControl "2700+45"]

1. e4 d5 2. exd5 Qxd5 3. Nc3 Qe5+ 4. Qe2 Qxe2+ 5. Ngxe2 Nf6 6. g3 c6 7. Bg2 e6
8. O-O Be7 9. d4 O-O 10. Be3 Nbd7 11. Rad1 Nb6 12. Ne4 Nc4 13. b3 Nxe3 14. fxe3
Nxe4 15. Bxe4 Bg5 16. Kh1 Bxe3 17. d5 cxd5 18. Rd3 Bg5 19. Bg2 b6 20. Rdf3 Ba6
21. h4 Bxe2 22. hxg5 Bxf1 23. Bxf1 f6 {White resigns} 0-1

[Event "Team 45 45 League T49"]
[Site "Internet Chess Club"]
[Date "2011.05.15"]
[Round "1"]
[White "bhandelman"]
[Black "theartist"]
[Result "1-0"]
[WhiteElo "1129"]
[BlackElo "1156"]
[Opening "French: Two knights variation"]
[ECO "C00"]
[Time "12:31:49"]
[TimeControl "2700+45"]

1. e4 e6 2. Nf3 d5 3. Nc3 c5 4. Bb5+ Nc6 5. exd5 exd5 6. Qe2+ Be7 7. O-O Nf6 8.
d4 O-O 9. Ne5 Nxd4 10. Qd3 Bf5 11. Qd2 Nxc2 12. Rb1 Nd4 13. Bd3 Be6 14. Qg5 Ne4
15. Qf4 Nxc3 16. bxc3 Nc6 17. Rxb7 Qd6 18. Nxc6 Qxf4 19. Bxf4 Bf6 20. Ne7+ Kh8
21. Rc1 Rfe8 22. Nc6 Bc8 23. Rxf7 Be6 24. Rxa7 Rxa7 25. Nxa7 c4 26. Bb1 Bxc3 27.
Rxc3 Bf5 28. Re3 Rxe3 29. Bxe3 Bxb1 30. a4 c3 31. Kf1 Bd3+ 32. Ke1 Bc4 33. Kd1
Bb3+ 34. Kc1 Bxa4 35. Bd4 c2 36. Nc8 Bd7 37. Ne7 Be6 38. Kxc2 h6 39. h3 Kh7 40.
g4 g5 41. Nf5 Kg6 42. Ng7 Bf7 43. Kc3 Bg8 44. Kb4 Kf7 45. Nf5 Ke6 46. Kc5 Bh7
47. Nxh6 Be4 48. Nf5 Bxf5 49. gxf5+ Kxf5 50. Kxd5 Kg6 51. Be3 Kh5 52. Ke4 g4 53.
hxg4+ Kxg4 54. f4 Kh5 55. Ke5 Kg6 56. Ke6 Kg7 57. f5 Kf8 58. Bd4 Ke8 59. f6 Kf8
60. Bc5+ Kg8 61. f7+ {Black resigns} 1-0

[Event "Team 45 45 League T49"]
[Site "Internet Chess Club"]
[Date "2011.05.15"]
[Round "1"]
[White "baseball613"]
[Black "doublepar"]
[Result "1-0"]
[WhiteElo "1385"]
[BlackElo "1381"]
[Opening "Queen's bishop game"]
[ECO "D02"]
[Time "16:00:22"]
[TimeControl "2700+45"]

1. d4 d5 2. Nf3 Nf6 3. Bf4 c5 4. c3 Nc6 5. e3 Qb6 6. Qb3 c4 7. Qc2 Bf5 8. Qc1 e6
9. Nbd2 Be7 10. h3 Rc8 11. Be2 O-O 12. O-O Na5 13. Ne5 Bd6 14. Ndf3 Qc7 15. Rb1
b5 16. Ra1 Ne4 17. Re1 h6 18. Qd1 f6 19. Ng4 Bxf4 20. exf4 Bxg4 21. hxg4 Qxf4
22. b3 Nxc3 23. Qc2 b4 24. bxc4 dxc4 25. a3 Nxe2+ 26. Qxe2 Nb3 27. Ra2 Qxg4 28.
axb4 Rfe8 29. Rxa7 Nxd4 30. Nxd4 Qxd4 31. Ra6 e5 32. b5 Ra8 33. Rea1 Qd5 34.
Rxa8 Rxa8 35. Rxa8+ Qxa8 36. Qxc4+ Kf8 37. b6 Ke7 38. Qc7+ Ke6 39. b7 Qa1+ 40.
Kh2 Qd1 41. Qc8+ Kf7 42. b8=Q {Black resigns} 1-0

[Event "Team 45 45 League T49"]
[Site "Internet Chess Club"]
[Date "2011.05.13"]
[Round "1"]
[White "jjaillet2007"]
[Black "joshq03"]
[Result "0-1"]
[WhiteElo "1283"]
[BlackElo "1235"]
[Opening "QGD Slav defense"]
[ECO "D10"]
[Time "20:30:32"]
[TimeControl "2700+45"]

1. d4 d5 2. c4 c6 3. Nc3 Nf6 4. cxd5 cxd5 5. Bf4 Nc6 6. e3 Bf5 7. Nf3 e6 8. Nh4
Bb4 9. Nxf5 exf5 10. Bd3 Ne4 11. Qc2 Qh4 12. O-O O-O 13. Bxe4 fxe4 14. Nxd5 Rac8
15. Bg3 Qg4 16. h3 Qe6 17. Qb3 a5 18. Nb6 Qxb3 19. axb3 Rcd8 20. Rad1 Ne7 21. d5
Nf5 22. Bc7 Rde8 23. Nd7 Rc8 24. Nxf8 Rxc7 25. g4 Nh4 26. d6 Rc8 27. d7 Rd8 28.
Nxh7 Kxh7 29. Rd5 Kg8 30. Rfd1 b6 31. Re5 Nf3+ 32. Kg2 Nxe5 33. Kg3 Rxd7 34.
Rxd7 Nxd7 35. Kf4 Nc5 36. g5 Kh7 37. h4 Kg6 38. Kg4 f5+ 39. Kf4 Nd3+ 40. Kg3
Bd6+ 41. Kg2 Nxb2 42. f4 b5 43. Kf2 a4 44. bxa4 bxa4 45. Ke2 a3 46. Kd2 a2 47.
Kc2 a1=Q 48. Kb3 Nd3 49. Kc4 Qa3 50. Kd5 Nxf4+ 51. exf4 Bxf4 52. h5+ Kxh5 53.
Ke6 e3 54. g6 Kxg6 55. Kd7 e2 56. Ke8 e1=R+ 57. Kd7 Qd3+ 58. Kc6 Rc1+ 59. Kb6
Qb3+ 60. Ka5 Ra1# {White checkmated} 0-1

[Event "Team 45 45 League T49"]
[Site "Internet Chess Club"]
[Date "2011.05.14"]
[Round "1"]
[White "wildcat2023"]
[Black "DanM"]
[Result "1-0"]
[WhiteElo "1342"]
[BlackElo "1109"]
[Opening "Four knights: Spanish variation"]
[ECO "C48"]
[Time "13:30:56"]
[TimeControl "2700+45"]

1. e4 e5 2. Nf3 Nc6 3. Nc3 Nf6 4. Bb5 d6 5. d4 exd4 6. Nxd4 Bd7 7. Nxc6 Bxc6 8.
Bxc6+ bxc6 9. Bg5 Be7 10. O-O Nxe4 11. Nxe4 Bxg5 12. Nxg5 Qxg5 13. Re1+ Kd7 14.
Qf3 Rhe8 15. Qxf7+ Re7 16. Rxe7+ Qxe7 17. Qxe7+ Kxe7 18. Re1+ Kd7 19. c4 c5 20.
f4 Re8 21. Rxe8 Kxe8 22. Kf2 Ke7 23. g4 Ke6 24. Ke3 c6 25. h4 d5 26. b3 Kd6 27.
a4 a5 28. h5 dxc4 29. bxc4 Ke6 30. Ke4 Kf6 31. g5+ Ke6 32. f5+ Kd6 33. Kf4 h6
34. g6 Ke7 35. Ke5 {Black resigns} 1-0

[Event "Team 45 45 League T49"]
[Site "Internet Chess Club"]
[Date "2011.05.15"]
[Round "1"]
[White "Mclintock45"]
[Black "iceface"]
[Result "0-1"]
[WhiteElo "948"]
[BlackElo "1248"]
[Opening "Ruy Lopez: Berlin defense"]
[ECO "C65"]
[Time "10:00:26"]
[TimeControl "2700+45"]

1. e4 e5 2. Nf3 Nc6 3. Bb5 Nf6 4. Bxc6 dxc6 5. d4 exd4 6. e5 Nd7 7. O-O Bc5 8.
Re1 O-O 9. e6 fxe6 10. Bg5 Be7 11. Nxd4 Nb6 12. Be3 Bf6 13. c3 Kh8 14. Qg4 e5
15. Nf5 g6 16. Bh6 Re8 17. Qg3 Bxf5 18. h3 Qd3 19. Re3 Qd1+ 20. Kh2 e4 21. Bg5
Be5 22. Bf6+ Bxf6 23. Qxc7 Be5+ 24. g3 Bxc7 25. c4 Nxc4 26. Rc3 Nb6 27. a4 Nxa4
28. Rxa4 Qxa4 29. Re3 Qc2 30. Nc3 Qxf2+ 31. Kh1 Qxe3 32. h4 Bxg3 33. Kg2 Qf2+
34. Kh1 Qh2# {White checkmated} 0-1

[Event "Team 45 45 League T49"]
[Site "Internet Chess Club"]
[Date "2011.05.13"]
[Round "1"]
[White "kingsleywang"]
[Black "PsyMar"]
[Result "1/2-1/2"]
[WhiteElo "1318"]
[BlackElo "1347"]
[Opening "Ruy Lopez: open (Tarrasch) defense"]
[ECO "C80"]
[Time "18:30:28"]
[TimeControl "2700+45"]

1. e4 e5 2. Nf3 Nc6 3. Bb5 a6 4. Ba4 Nf6 5. O-O Nxe4 6. Re1 d5 7. d3 Nc5 8. Nxe5
Be7 9. Nxc6 bxc6 10. Bxc6+ Bd7 11. Bxa8 Qxa8 12. Qe2 Be6 13. Bf4 Bd6 14. Bxd6
cxd6 15. Nc3 O-O 16. d4 Ne4 17. Nxe4 dxe4 18. Qxe4 Bd5 19. Qg4 Qb7 20. b3 Be6
21. Qg3 Rc8 22. c4 d5 23. c5 Qb4 24. Rad1 a5 25. Qe5 Rc6 26. Qf5 Qb8 27. Qe5 Qd8
28. Re3 Rc8 29. Rg3 g6 30. Rh3 Bxh3 31. gxh3 Qd7 32. Qg3 Kg7 33. Qg4 Qb7 34. Rf1
Re8 35. f3 Re2 36. Rf2 Re1+ 37. Rf1 Re2 38. Rf2 Re1+ 39. Kg2 Qb5 40. Kg3 Rg1+
41. Rg2 Qf1 42. Rxg1 Qxg1+ 43. Kh4 Qf2+ 44. Qg3 Qxd4+ 45. Qg4 Qxc5 46. Qg2 Qe7+
47. Kg3 Qg5+ 48. Kf2 Qd2+ 49. Kg1 Qc1+ 50. Qf1 Qb2 51. Qd3 Qa1+ 52. Kg2 Qxa2+
53. Kg3 a4 54. bxa4 Qxa4 55. Qxd5 Qc2 56. Qd4+ f6 57. Qd7+ Kh6 58. Qd4 Qf5 59.
Qf4+ Qxf4+ 60. Kxf4 f5 61. Kg3 Kh5 62. h4 h6 63. f4 g5 64. fxg5 hxg5 65. hxg5
Kxg5 {Game drawn by mutual agreement} 1/2-1/2

[Event "Team 45 45 League T49"]
[Site "Internet Chess Club"]
[Date "2011.05.14"]
[Round "1"]
[White "JimGaming"]
[Black "Deadly-Spike"]
[Result "1-0"]
[WhiteElo "1249"]
[BlackElo "1359"]
[Opening "Sicilian: Canal-Sokolsky attack, 3...Bd7"]
[ECO "B52"]
[Time "13:01:34"]
[TimeControl "2700+45"]

1. e4 c5 2. Nf3 d6 3. Bb5+ Bd7 4. Bxd7+ Nxd7 5. c4 Ngf6 6. Nc3 Nb6 7. O-O Nxc4
8. Qa4+ Nd7 9. Qxc4 e6 10. d4 cxd4 11. Qxd4 Nf6 12. Bg5 Be7 13. Bxf6 Bxf6 14.
Qa4+ Ke7 15. Qb4 b6 16. e5 {Black resigns} 1-0

[Event "Team 45 45 League T49"]
[Site "Internet Chess Club"]
[Date "2011.05.15"]
[Round "1"]
[White "XGG123"]
[Black "sere"]
[Result "0-1"]
[WhiteElo "861"]
[BlackElo "1258"]
[Opening "Petrov: Nimzovich attack"]
[ECO "C42"]
[Time "12:00:24"]
[TimeControl "2700+45"]

1. e4 e5 2. Nf3 Nf6 3. Nxe5 d6 4. Nf3 Nxe4 5. Nc3 Bf5 6. Bc4 Nc6 7. Qe2 Qe7 8.
O-O O-O-O 9. d3 Nxc3 10. Qd2 Ne2+ 11. Kh1 Ned4 12. Qd1 Nxf3 13. gxf3 Bh3 14. Re1
Qf6 15. Bf4 Qxf4 16. Re4 Qg5 17. Qg1 Qf5 18. Qe1 Qxf3+ 19. Kg1 Qg2# {White
checkmated} 0-1

[Event "Team 45 45 League T49"]
[Site "Internet Chess Club"]
[Date "2011.05.15"]
[Round "1"]
[White "mitus"]
[Black "Tamarin"]
[Result "1/2-1/2"]
[WhiteElo "1813"]
[BlackElo "1811"]
[Opening "Ruy Lopez: Archangelsk (counterthrust) variation"]
[ECO "C78"]
[Time "03:34:27"]
[TimeControl "2700+45"]

1. e4 e5 2. Nf3 Nc6 3. Bb5 a6 4. Ba4 Nf6 5. O-O b5 6. Bb3 Bb7 7. Re1 Bc5 8. c3
d6 9. d4 Bb6 10. Bg5 h6 11. Bh4 O-O 12. d5 Ne7 13. Bxf6 gxf6 14. Nh4 Kh7 15. Qh5
Qe8 16. Nf5 Nxf5 17. Qxf5+ Kg7 18. Qg4+ Kh7 19. Qf5+ Kg7 20. Qg4+ Kh8 21. Qh5
Kg7 22. Qg4+ {Game drawn by repetition} 1/2-1/2

[Event "Team 45 45 League T49"]
[Site "Internet Chess Club"]
[Date "2011.05.18"]
[Round "1"]
[White "room-matt"]
[Black "clarinetref"]
[Result "1-0"]
[WhiteElo "1637"]
[BlackElo "1612"]
[Opening "Richter-Veresov attack"]
[ECO "D01"]
[Time "10:10:01"]
[TimeControl "2700+45"]

1. d4 Nf6 2. Nc3 d5 3. Bg5 Ne4 4. Nxe4 dxe4 5. e3 c6 6. c3 Qa5 7. Bf4 e6 8. Qc2
f5 9. Be2 c5 10. Nh3 Nc6 11. O-O Be7 12. Bc4 b5 13. Be2 cxd4 14. exd4 O-O 15. f3
b4 16. Qb3 bxc3 17. bxc3 Kh8 18. fxe4 e5 19. Bg5 Qd8 20. Bxe7 Qxe7 21. d5 Qc5+
22. Kh1 Rb8 23. Qd1 Na5 24. Rb1 Rxb1 25. Qxb1 f4 26. Ng5 Qxc3 27. Qb8 Qe3 28.
Bg4 f3 29. Nxf3 Qd3 30. Re1 Qc3 31. Rd1 Qc2 32. Rg1 Kg8 33. Bxc8 Rxc8 34. Qxe5
Rf8 35. Ng5 Qf2 36. Qe6+ Kh8 37. d6 Nc6 38. d7 Qf6 39. Qe8 h6 40. Ne6 Rg8 41. h3
Nd8 42. Nxd8 Qxd8 43. Qe6 Rf8 44. Rc1 Qa5 45. Qe7 Kg8 46. Rc8 Qe1+ 47. Kh2 Qf2
48. Rxf8+ Qxf8 49. Qxf8+ {Black resigns} 1-0

[Event "Team 45 45 League T49"]
[Site "Internet Chess Club"]
[Date "2011.05.13"]
[Round "1"]
[White "PostMike"]
[Black "badmove"]
[Result "0-1"]
[WhiteElo "1480"]
[BlackElo "1735"]
[Opening "Giuoco Piano"]
[ECO "C54"]
[Time "15:00:35"]
[TimeControl "2700+45"]

1. e4 e5 2. Nf3 Nc6 3. Bc4 Bc5 4. c3 Nf6 5. d3 a6 6. O-O Ba7 7. Nbd2 O-O 8. Re1
d6 9. Bb3 Ne7 10. Nf1 h6 11. Be3 Ng6 12. Bxa7 Rxa7 13. h3 Re8 14. Ne3 Be6 15.
Bxe6 fxe6 16. g3 c6 17. Nd2 d5 18. exd5 exd5 19. Ng4 b6 20. Nxf6+ Qxf6 21. Qf3
Qg5 22. Qe3 Qxe3 23. Rxe3 Rae7 24. Rae1 Kf7 25. Kg2 Re6 26. h4 Nf8 27. Nf3 Nd7
28. g4 R6e7 29. Kg3 c5 30. d4 exd4 31. Rxe7+ Rxe7 32. Rxe7+ Kxe7 33. cxd4 c4 34.
Kf4 Kf6 35. g5+ hxg5+ 36. hxg5+ Ke6 37. Nh4 b5 38. Nf5 g6 39. Ne3 b4 40. Kg4 c3
41. bxc3 bxc3 42. f4 Kf7 43. f5 gxf5+ 44. Kxf5 a5 45. g6+ Kg7 46. Nc2 Nf6 47.
Kg5 Ng8 48. Kf5 Ne7+ 49. Ke6 Nc6 50. Kxd5 Nb4+ 51. Nxb4 axb4 52. Ke6 c2 53. d5
c1=Q 54. d6 Qc8+ 55. d7 Qf8 56. Kd5 {White resigns} 0-1

[Event "Team 45 45 League T49"]
[Site "Internet Chess Club"]
[Date "2011.05.12"]
[Round "1"]
[White "MateIn42"]
[Black "tryanything"]
[Result "0-1"]
[WhiteElo "1418"]
[BlackElo "1565"]
[Opening "Scotch game"]
[ECO "C45"]
[Time "19:02:36"]
[TimeControl "2700+45"]

1. e4 e5 2. Nf3 Nc6 3. d4 exd4 4. Nxd4 Bc5 5. Be3 Qf6 6. c3 a6 7. Qd2 h6 8. Nf5
Bxe3 9. Qxe3 d6 10. Bd3 Nge7 11. O-O O-O 12. Nxe7+ Nxe7 13. Nd2 Ng6 14. f4 Bd7
15. e5 dxe5 16. fxe5 Qxe5 17. Rae1 Qxe3+ 18. Rxe3 Rae8 19. Rfe1 Rxe3 20. Rxe3
Re8 21. Rxe8+ Bxe8 22. Bxg6 fxg6 23. Nb3 b6 24. Nd4 c5 25. Ne6 a5 26. a3 Kf7 27.
Nf4 Bc6 28. Kf2 g5 29. Nd3 Ke6 30. g3 Be4 31. Ke3 Bxd3 32. Kxd3 Kd5 33. g4 g6
34. h3 b5 35. b3 Ke5 36. b4 axb4 37. axb4 cxb4 38. cxb4 Kd5 39. Kc3 Ke4 40. Kc2
Kd4 41. Kb3 Kd3 42. Kb2 Kc4 43. Ka3 Kc3 44. Ka2 Kxb4 45. Kb2 Kc4 46. Kc2 b4 47.
Kb2 b3 48. Kb1 Kc3 49. Kc1 b2+ 50. Kb1 Kd3 51. Kxb2 Ke3 52. Kc3 Kf3 53. Kd3 Kg3
54. Ke3 Kxh3 55. Kf3 h5 {White resigns} 0-1

[Event "Team 45 45 League T49"]
[Site "Internet Chess Club"]
[Date "2011.05.15"]
[Round "1"]
[White "vaknight"]
[Black "Razorbackchess"]
[Result "1/2-1/2"]
[WhiteElo "1753"]
[BlackElo "1838"]
[Opening "Bird's opening"]
[ECO "A03"]
[Time "19:06:23"]
[TimeControl "2700+45"]

1. f4 d5 2. b3 Nf6 3. Bb2 g6 4. Nf3 Bg7 5. e3 O-O 6. Be2 c5 7. O-O Nc6 8. Ne5
Nxe5 9. Bxe5 Nd7 10. Bxg7 Kxg7 11. Bd3 e5 12. f5 Nf6 13. fxg6 fxg6 14. c4 d4 15.
e4 Bg4 16. Qe1 Nh5 17. Rxf8 Kxf8 18. g3 Qf6 19. Bf1 Kg7 20. d3 b6 21. Nd2 Qe6
22. Bg2 Rf8 23. Nf1 Bf3 24. Nd2 Bxg2 25. Kxg2 Nf6 26. h3 Nd7 27. Nf3 h6 28. Qd2
Rf6 29. Nh2 h5 30. Nf3 Rf8 31. Rf1 Qe7 {Game drawn by mutual agreement} 1/2-1/2